Map: Frozen Temple

Players

ShoWTimE

  • Race: Protoss Protoss
  • League: Master

EnVyUsPolt (Polt) - Winner!

  • Race: Terran Terran
  • League: Master

Event: DreamHack ZOWIE Open Valencia 2016

VOD

Have the link to the VOD?

Description

Time

  • Played on: July 14, 2016, 12:40 p.m.
  • Length: 12:36

All games in this series

Show
View Real Time Build Order
Export as new Build Order

ShoWTimE Protoss 

Build Orders: 1 Gate Expand, Blink Stalkers 

Get SALT Encoding   

  12  0:00  Probe (Chrono Boost)  
  13  0:11  Probe (Chrono Boost)  
  14  0:18  Pylon  
  14  0:22  Probe (Chrono Boost)  
  15  0:36  Probe (Chrono Boost)  
  15  0:37  Gateway  
  15  0:42  Assimilator  
  16  0:47  Probe (Chrono Boost)  
  17  0:57  Probe (Chrono Boost)  
  18  1:08  Probe (Chrono Boost)  
  19  1:18  Nexus  
  19  1:27  Cybernetics Core  
  19  1:32  Probe (Chrono Boost)  
  20  1:38  Assimilator  
  20  1:42  Probe (Chrono Boost)  
  21  1:48  Pylon  
  21  1:53  Probe (Chrono Boost)  
  22  2:06  Adept  
  22  2:07  Mothership Core (Chrono Boost)  
  26  2:11  Warp Gate  
  26  2:25  Probe (Chrono Boost)  
  26  2:31  Probe (Chrono Boost)  
  26  2:35  Probe (Chrono Boost)  
  27  2:38  Robotics Facility  
  27  2:42  Probe (Chrono Boost)  
  28  2:46  Probe (Chrono Boost)  
  29  2:52  Probe (Chrono Boost)  
  29  2:56  Probe (Chrono Boost)  
  31  3:01  Twilight Council  
  31  3:03  Probe (Chrono Boost)  
  32  3:07  Probe (Chrono Boost)  
  33  3:13  Probe (Chrono Boost)  
  33  3:18  Probe (Chrono Boost)  
  35  3:22  Gateway  
  35  3:24  Observer, Probe (Chrono Boost), Gateway  
  35  3:26  Blink  
  37  3:30  Probe (Chrono Boost)  
  37  3:33  Pylon  
  38  3:36  Probe (Chrono Boost)  
  39  3:44  Probe (Chrono Boost)  
  39  3:46  Observer  
  40  3:48  Assimilator  
  40  3:51  Probe (Chrono Boost)  
  43  3:56  Probe (Chrono Boost)  
  44  4:04  Probe (Chrono Boost)  
  44  4:08  Probe (Chrono Boost)  
  45  4:14  Nexus  
  45  4:16  Probe (Chrono Boost)  
  46  4:20  Pylon  
  46  4:21  Probe (Chrono Boost)  
  47  4:32  Stalker x3  
  53  4:39  Warp Prism  
  53  4:41  Probe (Chrono Boost)  
  53  4:44  Pylon  
  56  4:56  Pylon  
  56  4:59  Stalker x2  
  60  5:00  Stalker  
  60  5:06  Probe (Chrono Boost)  
  60  5:07  Probe (Chrono Boost)  
  63  5:22  Stalker  
  63  5:24  Stalker x2  
  69  5:29  Probe (Chrono Boost)  
  69  5:31  Probe x2 (Chrono Boost)  
  72  5:40  Probe (Chrono Boost)  
  74  5:43  Probe x2 (Chrono Boost)  
  74  5:50  Probe (Chrono Boost)  
  74  5:51  Stalker x3  
  74  5:54  Observer  
  74  5:55  Probe x2 (Chrono Boost)  
  74  5:56  Pylon  
  84  5:57  Pylon  
  84  5:58  Resonating Glaives  
  84  6:01  Probe (Chrono Boost)  
  79  6:07  Probe x2 (Chrono Boost)  
  81  6:11  Forge, Probe (Chrono Boost)  
  81  6:16  Immortal  
  84  6:19  Probe x2 (Chrono Boost)  
  84  6:22  Probe (Chrono Boost)  
  84  6:23  Adept x2  
  84  6:24  Adept  
  95  6:35  Gateway  
  95  6:37  Gateway  
  95  6:39  Pylon  
  95  6:42  Pylon  
  95  6:43  Protoss Ground Weapons Level 1  
  95  6:52  Gateway  
  95  6:54  Sentry x2, Gateway  
  97  6:56  Immortal  
  97  6:57  Gateway  
  97  6:59  Pylon  
  101  7:06  Probe (Chrono Boost)  
  101  7:07  Probe x2 (Chrono Boost)  
  104  7:09  Forge  
  104  7:11  Assimilator  
  104  7:13  Sentry  
  104  7:14  Assimilator  
  106  7:17  Probe (Chrono Boost)  
  106  7:18  Pylon  
  106  7:19  Probe (Chrono Boost), Assimilator  
  106  7:21  Probe (Chrono Boost)  
  109  7:29  Pylon  
  109  7:33  Protoss Ground Armor Level 1  
  109  7:35  Nexus  
  109  7:37  Pylon  
  109  7:39  Observer  
  109  7:40  Probe x2 (Chrono Boost)  
  112  7:52  Adept x6  
  112  7:53  Adept  
  112  7:55  Adept  
  112  7:56  Pylon  
  128  8:01  Photon Cannon  
  128  8:04  Pylon  
  128  8:06  Templar Archives  
  128  8:19  Adept x4  
  136  8:20  Adept x3, Protoss Ground Weapons Level 2  
  136  8:21  Adept  
  144  8:28  Probe (Chrono Boost)  
  144  8:29  Probe x2 (Chrono Boost)  
  147  8:38  Psionic Storm  
  147  8:52  High Templar x2  
  149  8:58  Adept x3  
  149  8:59  Adept x3  
  161  9:05  Assimilator  
  161  9:07  Probe x2 (Chrono Boost), Assimilator  
  161  9:09  Pylon  
  163  9:11  Stargate  
  163  9:20  High Templar  
  164  9:25  Adept x6  
  176  9:36  High Templar  
  176  9:44  Protoss Ground Armor Level 2  
  176  9:45  Stalker x3, Photon Cannon  
  178  9:46  Stalker x2  
  186  9:55  Adept x2  
  190  10:00  Pylon  
  138  10:17  Stalker x2  
  138  10:18  Stalker x3  
  138  10:19  Stalker x3  
  137  10:36  Probe (Chrono Boost)  
  135  10:49  Adept x2, Nexus  
  120  10:50  Pylon  
  120  10:51  Adept x5  
  120  10:52  Adept  
  106  11:10  Mothership Core (Chrono Boost), Adept x2  
  98  11:14  Adept x4  
  98  11:18  Adept x2  
  102  11:33  High Templar  
  102  11:34  High Templar  
  102  11:37  Sentry x2  
  102  11:38  Nexus, High Templar x2  
  102  11:39  Pylon  
  112  11:41  Stalker x2  
  116  11:49  Probe (Chrono Boost)  
  116  11:51  Probe x2 (Chrono Boost)  
  119  12:00  Robotics Facility  
  117  12:10  Stalker x4  
  122  12:17  Stalker  
  122  12:18  Stalker  
Show
View Real Time Build Order
Export as new Build Order

EnVyUsPolt Terran - Winner!

Build Orders: Reaper Expand, MMM Bio 

Get SALT Encoding   

  12  0:00  SCV  
  13  0:12  SCV  
  14  0:17  Supply Depot  
  14  0:25  SCV  
  15  0:38  SCV  
  15  0:39  Barracks  
  16  0:43  Refinery  
  16  0:50  SCV  
  17  1:03  SCV  
  18  1:15  SCV  
  19  1:27  Orbital Command, Reaper  
  20  1:40  Command Center  
  20  1:52  SCV  
  21  1:54  Supply Depot  
  21  2:00  Barracks Reactor  
  21  2:04  SCV  
  21  2:08  Barracks  
  22  2:16  SCV  
  22  2:21  Factory  
  23  2:28  SCV  
  24  2:36  Refinery  
  24  2:38  Marine x2  
  24  2:41  SCV  
  27  2:52  Orbital Command  
  27  2:53  SCV  
  27  2:57  Marine x2  
  30  3:05  SCV, Starport  
  31  3:06  Widow Mine  
  31  3:09  Barracks Tech Lab  
  33  3:15  Marine x2  
  33  3:17  SCV  
  33  3:18  SCV  
  37  3:25  Supply Depot  
  37  3:29  SCV  
  37  3:30  SCV  
  37  3:31  Stimpack  
  39  3:35  Marine x2  
  39  3:37  Marine  
  42  3:41  SCV  
  42  3:42  SCV  
  42  3:46  Medivac  
  46  3:50  Supply Depot  
  46  3:53  SCV  
  46  3:54  SCV  
  48  4:00  Engineering Bay  
  48  4:03  Marine x2  
  48  4:04  Marauder  
  48  4:06  SCV  
  48  4:07  SCV  
  48  4:09  Supply Depot  
  54  4:12  Factory Reactor  
  54  4:20  Barracks  
  54  4:25  SCV x2  
  54  4:30  Marauder  
  54  4:31  Marine x2, Refinery  
  58  4:37  SCV x2  
  62  4:40  Supply Depot  
  62  4:49  SCV x2  
  64  4:57  Medivac x2  
  68  5:01  Marine x2, Marauder, SCV x2  
  68  5:03  Supply Depot  
  74  5:07  Marine  
  75  5:19  SCV, Refinery  
  75  5:20  SCV, Command Center  
  77  5:26  Marine x3, Marauder  
  82  5:35  Supply Depot  
  80  5:36  SCV x2, Widow Mine  
  82  5:46  Marine x2, Barracks Tech Lab  
  82  5:48  Marauder  
  86  5:56  Combat Shields, SCV x2  
  92  5:57  Terran Infantry Weapons Level 1  
  92  6:01  Barracks  
  92  6:02  Barracks  
  82  6:04  Marauder  
  82  6:05  Marine x2  
  82  6:08  Marine  
  82  6:09  SCV x2  
  89  6:15  Supply Depot, Medivac x2  
  92  6:20  Widow Mine  
  92  6:23  SCV  
  94  6:31  SCV  
  94  6:32  Orbital Command  
  95  6:35  SCV  
  95  6:36  Refinery  
  96  6:40  Refinery  
  96  6:41  Starport  
  96  6:42  Fusion Core, Liberator x2  
  96  6:46  SCV  
  96  6:47  SCV  
  96  6:58  SCV  
  96  6:59  SCV  
  102  7:01  Marine x2  
  102  7:02  Marauder  
  106  7:09  SCV  
  106  7:10  SCV  
  106  7:11  SCV  
  109  7:15  Barracks Tech Lab  
  109  7:16  Marauder  
  109  7:17  Missile Turret  
  109  7:20  Barracks Reactor  
  109  7:21  SCV  
  112  7:23  SCV x2  
  112  7:24  Widow Mine  
  116  7:30  Starport Tech Lab  
  116  7:33  Marine  
  116  7:36  Supply Depot  
  116  7:37  Supply Depot  
  117  7:38  Marine  
  117  7:39  Supply Depot, SCV, Marauder x3  
  117  7:40  Liberator x2  
  117  7:41  Liberator  
  125  7:50  Advanced Ballistics  
  125  7:58  Supply Depot x2, SCV x3  
  137  8:04  Marine x2, Marauder x2  
  137  8:05  Marauder  
  145  8:06  Marine x2  
  145  8:08  Widow Mine  
  145  8:12  Supply Depot  
  148  8:16  SCV x2  
  148  8:19  SCV  
  150  8:26  Missile Turret  
  150  8:30  Supply Depot x2, Terran Infantry Armor Level 1  
  150  8:31  Liberator  
  150  8:32  Liberator  
  150  8:38  Liberator  
  150  8:40  Marine x4, Marauder x3  
  166  9:04  Armory  
  166  9:06  Engineering Bay  
  166  9:13  Marine x4, Marauder x3  
  166  9:15  Liberator x2  
  176  9:21  Liberator  
  176  9:25  Command Center  
  184  9:49  Barracks  
  184  9:50  Barracks  
  184  9:51  Barracks  
  182  9:53  Marine, Marauder x3  
  189  10:00  Terran Infantry Weapons Level 2  
  189  10:03  Terran Vehicle And Ship Armor Level 1  
  189  10:08  Marine x3  
  189  10:14  Marine, Marauder x3  
  169  10:26  Marine x3  
  154  10:30  Medivac x3  
  154  10:32  Marine  
  158  10:36  Marauder x3  
  158  10:42  Command Center  
  164  10:44  Marine x3  
  164  10:45  Liberator  
  164  10:46  Liberator x2  
  159  10:50  Barracks Tech Lab x2  
  159  10:51  Marine, Barracks Reactor  
  159  10:52  Concussive Shells  
  161  10:57  Marauder x3  
  161  11:01  Marine x3  
  167  11:09  Marauder x2  
  165  11:14  Marine  
  165  11:17  SCV x2  
  164  11:18  Marauder  
  164  11:19  Marine x3, Marauder x2  
  164  11:20  SCV  
  164  11:21  Planetary Fortress  
  159  11:30  Liberator  
  159  11:31  Liberator x2  
  157  11:35  SCV x3  
  159  11:50  Marine x2, Marauder x2  
  159  11:51  Marine x4, Marauder x2  
  159  11:52  Marine  
  183  12:01  Command Center  
  181  12:11  SCV x3  
  183  12:17  Refinery x2  

Tags
 
Add a new tag
Caveats
  • Supply blocks, unpowered buildings, or Contaminate may cause inaccurate times.
  • Supply counts are checked every 10 seconds.